 Dungeon Crawl Stone Soup version 0.20-a0-893-g832831a (webtiles) character file.

82 seren the Insei (level 4, 0/35 HPs)
             Began as a Merfolk Transmuter on Mar 17, 2017.
             Slain by a gnoll (6 damage)
             ... on level 1 of the Dungeon.
             The game lasted 00:06:46 (2062 turns).

seren the Insei (Merfolk Transmuter)                Turns: 2062, Time: 00:06:47

Health: 0/35       AC:  2    Str: 11    XL:     4   Next: 43%
Magic:  7/7        EV: 13    Int: 12    God:
Gold:   110        SH:  0    Dex: 14    Spells: 6/7 levels left

rFire    . . .     SeeInvis .     - Unarmed
rCold    . . .     Gourm    .   b - +0 robe
rNeg     . . .     Faith    .   (no shield)
rPois    .         Spirit   .   (no helmet)
rElec    .         Reflect  .   (no cloak)
rCorr    .         Harm     .   (no gloves)
MR       .....                  (no boots)
Stlth    +.........             (no amulet)
Regen    0.2/turn               (no ring)
MPRegen  0.1/turn               (no ring)

@: no status effects
A: change form in water, swift swim, stealthy swim
a: no special abilities


You were on level 1 of the Dungeon.
You were near starving.

You visited 1 branch of the dungeon, and saw 2 of its levels.

You collected 110 gold pieces.

Inventory:

Missiles
 a - 56 arrows
Armour
 b - a +0 robe (worn)
 i - a +0 leather armour
Scrolls
 h - 2 scrolls of identify
 l - a scroll of immolation {unknown}
 n - a scroll of amnesia {unknown}
Potions
 e - a potion of magic
 j - 2 potions of mutation
Books
 c - a book of Changes

   Spells                             Type                      Level
   a - Beastly Appendage              Transmutation                1
   b - Sticks to Snakes               Transmutation                2
   c - Spider Form                    Transmutation/Poison         3
   d - Ice Form                       Ice/Transmutation            4
   e - Blade Hands                    Transmutation                5
Comestibles
 d - a bread ration
 f - 2 meat rations
 g - a royal jelly


   Skills:
 + Level 3.2 Fighting
 - Level 2.6 Dodging
 - Level 4.5 Unarmed Combat
 - Level 2.0 Spellcasting
 - Level 2.6 Transmutations


You had 6 spell levels left.
You knew the following spells:

 Your Spells              Type           Power        Failure   Level  Hunger
a - Beastly Appendage     Tmut           #.....       12%         1    ##.....


Dungeon Overview and Level Annotations

Branches:
Dungeon (2/15)

Altars:


Message History

The gnoll misses you. The gnoll hits you with a club!
The gnoll hits you from afar with a halberd!!
Ouch! That really hurt!
* * * LOW HITPOINT WARNING * * *
You are too injured to fight recklessly!
You are too injured to fight recklessly!
You are too injured to fight recklessly!
Okay, then.
A kobold comes into view.
The kobold moves out of view.
The kobold shouts!
The kobold hits you.
* * * LOW HITPOINT WARNING * * *
You hit the kobold.
The kobold is moderately wounded.
The kobold misses you.
You hit the kobold.
The kobold is severely wounded.
The gnoll hits you.
You die...

.#####......###########..####....
## #.......#.######............ #
#.....#..........#..###..g..
########.............##..#.......
...............####..............
....##########.#............#..g.
....## ###..........#....##....
.....#####....#########..#.####..
......(........K@g..g.g..#...###.
....##....###.##.........###...##
#.........รท...##..........#......
###.#.##.#######.................
##..>....# #..........#......
...##...## #.................
..###....#### #.............##..
..##..##....# #.....(.......##..
.....######.# ##########....###.


You could see 3 gnolls and a kobold.

Vanquished Creatures
  Ijyb (D:2)
  2 adders (D:2)
  An ooze (D:1)
  A worm (D:2)
  A dart slug (D:1)
  4 bats
  A hobgoblin (D:1)
  3 jackals (D:1)
  A quokka (D:2)
  A ball python (D:1)
  4 frilled lizards
  2 goblins (D:1)
  4 kobolds
  7 rats (D:1)
33 creatures vanquished.

Notes
Turn   | Place    | Note
-------+----------+-------------------------------------------
     0 | D:1      | seren the Merfolk Transmuter began the quest for the Orb.
     0 | D:1      | Reached XP level 1. HP: 15/15 MP: 3/3
   293 | D:1      | Reached XP level 2. HP: 22/22 MP: 5/5
   698 | D:1      | Reached skill level 4 in Unarmed Combat
   704 | D:1      | Reached XP level 3. HP: 23/27 MP: 6/6
  1253 | D:2      | Noticed Ijyb
  1272 | D:2      | Killed Ijyb
  1272 | D:2      | Reached XP level 4. HP: 14/34 MP: 7/7
  1672 | D:2      | Noticed an ogre
  2062 | D:1      | Slain by a gnoll

Vault maps used:
D:1:      eino_arrival_druids_welcome, minmay_rat_gold_closets
D:2:      uniq_iyjb

Skill      XL: |  1  2  3  4 |
---------------+-------------+-----
Fighting       | 2 3 |  3.2
Unarmed Combat | 4 |  4.5
Dodging        | |  2.6
Spellcasting   | |  2.0
Transmutations | |  2.6

Action                   |  1- 3 |  4- 6 || total
-------------------------+-------+-------++-------
Melee: Unarmed           |   131 |    41 ||   172
       Punch             |     4 |       ||     4
  Use: Scroll            |       |     2 ||     2
       Potion            |       |     1 ||     1
 Stab: Sleeping          |     1 |       ||     1
  Eat: Chunk             |     1 |     1 ||     2
Armor: Robe              |    22 |    11 ||    33
Dodge: Dodged            |    84 |    25 ||   109
